 Dungeon Crawl Stone Soup version 0.27-a0-1590-g15f69828bf (webtiles) character file.

Game seed: 7685165288636367962

132 MovingMist the Covered (level 5, -4/33 HPs)
             Began as a Gargoyle Fighter on July 18, 2021.
             Slain by a gnoll (10 damage)
             ... on level 2 of the Dungeon.
             The game lasted 00:03:44 (2626 turns).

MovingMist the Covered (Gargoyle Fighter)           Turns: 2626, Time: 00:03:45

Health: -4/33      AC: 11    Str: 19    XL:     5   Next: 15%
Magic:  5/5        EV:  7    Int:  9    God:
Gold:   50         SH:  9    Dex: 10    Spells: 4/4 levels left

rFire    . . .     SeeInvis .   a - +0 flail
rCold    . . .     Faith    .   c - +0 kite shield
rNeg     + . .     Spirit   .   b - +0 scale mail
rPois    ∞         Reflect  .   (no helmet)
rElec    +         Harm     .   (no cloak)
rCorr    .         Rampage  .   (no gloves)
Will     .....                  (no boots)
Stlth    ..........             (no amulet)
HPRegen  0.11/turn              (no ring)
MPRegen  0.09/turn              (no ring)

@: no status effects
A: sickness immunity, AC +4, negative energy resistance 1, electricity
resistance, torment resistance 1, petrification resistance
a: no special abilities


You were on level 2 of the Dungeon.
You visited 1 branch of the dungeon, and saw 2 of its levels.

You collected 74 gold pieces.
You spent 24 gold pieces at shops.

Inventory:

Hand Weapons
 a - a +0 flail (weapon)
Missiles
 g - 4 curare-tipped darts (quivered)
Armour
 b - a +0 scale mail (worn)
 c - a +0 kite shield (worn)
Jewellery
 e - an amulet of faith
Scrolls
 f - 2 scrolls of identify
 i - a scroll of amnesia {unknown}
Potions
 d - a potion of might
 h - a potion of invisibility {unknown}
 j - a potion of degeneration {unknown}


   Skills:
 + Level 4.0 Fighting
 + Level 3.1 Maces & Flails
 + Level 4.1 Armour
 * Level 1.3 Dodging
 - Level 0.2 Stealth
 - Level 3.8 Shields


You had 4 spell levels left.
You didn't know any spells.
Your spell library was empty.

Dungeon Overview and Level Annotations

Branches:
Dungeon (2/15)

Altars:
Vehumet

Shops:
D:1 *


Innate Abilities, Weirdness & Mutations

You are immune to sickness and miasma.
Your stone body is resilient. (AC +4)
You are immune to poison.
You resist negative energy. (rN+)
You are resistant to electric shocks. (rElec)
You are resistant to unholy torment.
You are immune to petrification.


Message History

The hobgoblin hits you. You block the gnoll's attack.
The hobgoblin hits you but does no damage.
You block the gnoll's attack.
You closely miss the gnoll. The gnoll barely misses you.
You block the hobgoblin's attack.
The gnoll hits you from afar with a +0 halberd.
You closely miss the gnoll. The gnoll barely misses you.
You block the gnoll's attack. You block the hobgoblin's attack.
You block the gnoll's attack.
You closely miss the gnoll.
The gnoll hits you from afar with a +0 halberd.
The hobgoblin hits you. The gnoll barely misses you.
The gnoll hits you but does no damage.
The hobgoblin hits you but does no damage.
You closely miss the gnoll. The gnoll hits you with a +0 spear.
The gnoll misses you. The hobgoblin closely misses you.
The gnoll barely misses you.
Your shield and scale mail prevent you from hitting the gnoll.
The gnoll hits you from afar with a +0 halberd.
The hobgoblin hits you but does no damage.
The gnoll hits you but does no damage.
The hobgoblin hits you but does no damage.
The gnoll hits you from afar with a +0 halberd.
You hit the gnoll.
The gnoll is lightly wounded.
The gnoll hits you with a +0 spear. The hobgoblin hits you.
You block the gnoll's attack. The gnoll hits you but does no damage.
You hit the gnoll.
The gnoll is moderately wounded.
The gnoll barely misses you. You block the hobgoblin's attack.
The gnoll hits you with a +0 spear.
* * * LOW HITPOINT WARNING * * *
The gnoll hits you but does no damage. The hobgoblin barely misses you.
The gnoll hits you from afar with a +0 spear.
* * * LOW HITPOINT WARNING * * *
There is a stone staircase leading up here.
You block the gnoll's attack.
The hobgoblin hits you but does no damage.
The gnoll hits you from afar with a +0 halberd!
You die...

...###
#.#####
....##.#...#
#..#...#
#.†#..#
##....#
#...#g##
##...#gg#
#...###g##
#####.<.#
#.@#
#.....###
##.#
#####.##)##
#.#
#...†.##)#
#.##
..######.#
#.. .## #.#
#.. †# ##.#
#.## ## #..#
#.#
#######.##
##.###


You could see 3 gnolls and a hobgoblin.

Vanquished Creatures
  6 gnolls
  3 worms
  4 dart slugs
  3 endoplasms (D:1)
  4 goblins (D:1)
  4 hobgoblins
  13 jackals
  6 kobolds
  A quokka (D:1)
  A ball python (D:1)
  4 bats (D:1)
  5 frilled lizards
  5 rats
  A spectral hobgoblin (D:1)
60 creatures vanquished.

Notes
Turn   | Place    | Note
-------+----------+-------------------------------------------
     0 | D:1      | MovingMist the Gargoyle Fighter began the quest for the
                  | Orb.
     0 | D:1      | Reached XP level 1. HP: 14/14 MP: 1/1
   121 | D:1      | Reached XP level 2. HP: 16/19 MP: 2/2
   294 | D:1      | Found Zasoar's General Store.
   317 | D:1      | Bought a scroll of identify for 24 gold pieces
   413 | D:1      | Reached XP level 3. HP: 7/23 MP: 3/3
  1157 | D:1      | Found a faded altar of an unknown god.
  1484 | D:1      | Reached XP level 4. HP: 25/29 MP: 4/4
  2231 | D:2      | Reached skill level 1 in Dodging
  2234 | D:2      | Reached XP level 5. HP: 22/33 MP: 5/5
  2354 | D:2      | Found a radiant altar of Vehumet.
  2626 | D:2      | Slain by a gnoll

Illustrated notes

Levels and vault maps discovered:
D:1:      dpeg_arrival_brainrot, layout_basic,
          dreamdust_ecumenical_altar_drowned_temple, serial_shops, shop,
          serial_corexii_hall, corexii_hall_statues_i, corexii_hall_statues_t,
          minmay_cupped
D:2:      layout_rooms, basic_altar, uniq_natasha

Skill      XL: |  1  2  3  4  5 |
---------------+----------------+-----
Maces & Flails | 3 |  3.1
Armour         | 4 |  4.1
Dodging        | 1 |  1.3
Fighting       | 4 |  4.0
Stealth        | |  0.2
Shields        | |  3.8

Action                   |  1- 3 |  4- 6 || total
-------------------------+-------+-------++-------
Melee: Flail             |   125 |    96 ||   221
Armor: Scale mail        |    70 |    55 ||   125
Dodge: Dodged            |    45 |    45 ||    90
Block: Kite shield       |    75 |    63 ||   138

Table legend: (Time is in decaauts)
 A = Elapsed time spent in this place.
 B = Non-inter-level travel time spent in this place.
 C = Inter-level travel time spent in this place.
 D = Time resting spent in this place.
 E = Time spent auto-exploring this place.
 F = Levels seen in this place.
 G = Mean time per level.
                   A        B        C        D        E       F      G
               +--------+--------+--------+--------+--------+-----+--------+
         Total |   2741 |   2693 |     48 |    652 |   1532 |   2 | 1370.5 |
       Dungeon |   2741 |   2693 |     48 |    652 |   1532 |   2 | 1370.5 |
               +--------+--------+--------+--------+--------+-----+--------+

Top non-repeatable levels by time:
     D:1: 2275 daAuts
     D:2: 466 daAuts
